 Dungeon Crawl Stone Soup version 0.29.0-15-g675c0067aa (webtiles) character file.

Game seed: 18354904492473513814

21035 qw the Severer (level 12, -6/106 HPs)
             Began as a Minotaur Berserker on Sept 12, 2022.
             Was an Elder of Trog.
             Mangled by a swamp worm (17 damage)
             ... on level 3 of the Lair of Beasts.
             The game lasted 00:05:45 (16388 turns).

qw the Severer (Minotaur Berserker)                Turns: 16388, Time: 00:05:46

Health: -6/106     AC: 18    Str: 27    XL:     12   Next: 50%
Magic:  11/11      EV:  7    Int:  4    God:    Trog [****..]
Gold:   983        SH: 16    Dex: 10    Spells: 11/11 levels left

rFire   . . .      SeeInvis .   Y - +0 broad axe
rCold   . . .      Faith    .   d - +0 kite shield
rNeg    + . .      Spirit   .   c - +0 plate armour
rPois   .          Reflect  +   (helmet restricted)
rElec   .          Harm     .   g - +0 cloak
rCorr   .          Rampage  .   (no gloves)
Will    .....                   r - +2 pair of boots
Stlth   ..........              l - amulet of reflection
HPRegen 0.27/turn               e - ring of positive energy
MPRegen 0.12/turn               (no ring)

@: very slow
A: horns 2, retaliatory headbutt
a: Renounce Religion, Berserk, Trog's Hand, Brothers in Arms


You were on level 3 of the Lair of Beasts.
You worshipped Trog.
Trog was greatly pleased with you.
You visited 2 branches of the dungeon, and saw 12 of its levels.
You also visited: Sewer and Ossuary.

You collected 983 gold pieces.


Innate Abilities, Weirdness & Mutations

You have a pair of horns on your head.
You reflexively headbutt those who attack you in melee.


   Skills:
 + Level 10.2 Fighting
 - Level 18.0 Axes
 - Level 2.2 Throwing
 - Level 9.0 Armour
 - Level 3.3 Dodging
 - Level 11.2 Shields


You had 11 spell levels left.
You didn't know any spells.
Your spell library was empty.

Inventory:

Hand Weapons
 k - a +0 morningstar
 Y - a +0 broad axe (weapon)
Missiles
 s - 4 boomerangs (quivered)
Armour
 c - a +0 plate armour (worn)
 d - a +0 kite shield (worn)
 g - a +0 cloak (worn)
 r - a +2 pair of boots (worn)
Jewellery
 e - a ring of positive energy (left hand)
 l - an amulet of reflection (around neck)
 o - a ring of fire
 q - a ring of fire
Scrolls
 f - 4 scrolls of teleportation
 n - 4 scrolls of identify
Potions
 a - a potion of might
 b - 2 potions of mutation
 h - 4 potions of curing
 i - 3 potions of haste
 j - a potion of resistance
 m - a potion of cancellation
 p - 2 potions of heal wounds

Dungeon Overview and Level Annotations

Branches:
Dungeon (9/15)             Temple (0/1) D:7            Lair (3/5) D:9
 Spider (0/4) Lair:3          Orc (0/2) D:9           Sewer (visited)
Ossuary (visited)
  Swamp: Lair:2-3    Shoals: Lair:2-3

Altars:
Ashenzari
Dithmenos
Elyvilon
Gozag
Hepliaklqana
Okawaru
Ru
Vehumet
Wu Jian
Yredelemnul
The Shining One

Annotations:
D:5 1 runed translucent door, Crazy Yiuf


Message History

You fall into the shallow water.
Moving in this stuff is going to be slow.
16385 ||| INVOKING Brothers in Arms.
You fail to use your ability.
The seven-headed hydra bites you. x2
You block the seven-headed hydra's attack.
The seven-headed hydra bites you but does no damage.
You block the seven-headed hydra's attack.
The seven-headed hydra bites you but does no damage. x2
The swamp worm fires a harpoon shot at you.
The harpoon shot hits you but does no damage.
You block the swamp worm's attack.
16386 ||| INVOKING Brothers in Arms.
You fail to use your ability.
You block the seven-headed hydra's attack.
The seven-headed hydra bites you but does no damage.
You block the seven-headed hydra's attack.
The seven-headed hydra completely misses you.
The seven-headed hydra bites you but does no damage.
The seven-headed hydra bites you.
You block the seven-headed hydra's attack.
The swamp worm bites you but does no damage.
The swamp worm bites you! The swamp worm bites you.
16387 ||| INVOKING Brothers in Arms.
You fail to use your ability.
The seven-headed hydra bites you but does no damage.
The seven-headed hydra bites you!
The seven-headed hydra bites you but does no damage.
You block the seven-headed hydra's attack.
The seven-headed hydra closely misses you.
You block the seven-headed hydra's attack.
The seven-headed hydra bites you.
The swamp worm bites you but does no damage.
You block the swamp worm's attack.
16388 ||| INVOKING Brothers in Arms.
You fail to use your ability.
You block the swamp worm's attack. The swamp worm bites you!
The seven-headed hydra bites you.
The seven-headed hydra bites you but does no damage. x3
You block the seven-headed hydra's attack.
The seven-headed hydra bites you.
The seven-headed hydra bites you but does no damage.
The swamp worm barely misses you. The swamp worm bites you!
You die...

.......7.7.7...7..7
......7777777.77777
....777 . 777~~~7
...77 .¤ 7~~~~7
#.77 ¤¤ 7~~~~7 ..7
7¤7~~~~7 ..7
7..~~~~77# ..7
7...www7.# ..7
7.wD@w..# ..77
77.7~...### ...7
7777.7...# ...77
77.777..## ...^77
#...7...# .....#
#....### .....#
##...## .....#
#....# ....##
#P...##


You could see a seven-headed hydra and 5 swamp worms.

Vanquished Creatures
  Gastronok (D:8)
  A hydra (Lair:1)
  2 black mambas
  5 elephants (Lair:2)
  8 cane toads
  3 rime drakes
  4 komodo dragons
  2 hornets
  3 trolls
  A polar bear (Lair:2)
  15 yaks
  A basilisk (Lair:3)
  3 wyverns
  3 steam dragons
  An acid dragon (D:8)
  10 water moccasins
  Duvessa (D:7)
  5 orc warriors
  A sky beast (D:8)
  A black bear (D:6)
  Pargi (Sewer)
  An ogre (D:5)
  16 wolves
  A centaur (D:7)
  3 phantoms
  A kobold brigand (D:8)
  An elf zombie (Ossuary)
  10 bullfrogs
  2 gnoll sergeants
  8 scorpions
  5 wights (D:7)
  Dowan (D:7)
  6 killer bees (D:9)
  2 howler monkeys
  3 electric eels
  A lava snake (D:8)
  2 human zombies
  4 hounds
  2 jellies (D:4)
  8 orc priests
  3 gnoll boudas
  2 iguanas
  12 orc wizards
  2 hell rats (Lair:1)
  2 mummies (Ossuary)
  27 gnolls
  10 adders
  10 river rats (Lair:1)
  A white imp (D:5)
  2 ufetubi
  2 worms
  2 dart slugs
  69 orcs
  8 endoplasms
  12 giant cockroaches
  4 gnoll zombies (Ossuary)
  7 hobgoblins
  15 jackals
  5 quokkas
  7 ball pythons
  3 bats
  3 frilled lizards
  9 goblins
  A goblin zombie (Ossuary)
  A hobgoblin zombie (Ossuary)
  A jackal zombie (D:4)
  6 kobolds
  6 orc zombies (Ossuary)
  6 rats
387 creatures vanquished.

Vanquished Creatures (collateral kills)
  A hydra (Lair:2)
  A catoblepas (Lair:1)
2 creatures vanquished.

Vanquished Creatures (others)
  7 fungi
  24 plants
31 creatures vanquished.

Grand Total: 420 creatures vanquished

Notes
Turn   | Place    | Note
-------+----------+-------------------------------------------
     0 | D:1      | qw the Minotaur Berserker began the quest for the Orb.
     0 | D:1      | Reached XP level 1. HP: 19/19 MP: 0/0
     0 | D:1      | 0 ||| qw: Version: 0.1-a-119-g272c26d
     0 | D:1      | 0 ||| qw: Game counter: 11035
     0 | D:1      | 0 ||| qw: Always use a shield: true
     0 | D:1      | 0 ||| qw: Do Orc after D:15 true
     0 | D:1      | 0 ||| qw: Do second Lair branch before Depths: true
     0 | D:1      | 0 ||| qw: Lair rune preference: random
     0 | D:1      | 0 ||| qw: Plans: Normal
     0 | D:1      | 0 ||| PLANNING D:1-11
   176 | D:1      | Reached skill level 4 in Axes
   176 | D:1      | 176 ||| Stepping ~*~*~tactically~*~*~ (stealth).
   177 | D:1      | 177 ||| Stepping ~*~*~tactically~*~*~ (stealth).
   231 | D:1      | Reached XP level 2. HP: 26/26 MP: 1/1
   744 | D:1      | 744 ||| DROPPING +0 club.
   870 | D:1      | 870 ||| UPGRADING to +0 leather armour.
   880 | D:1      | 880 ||| DROPPING +0 animal skin.
   881 | D:1      | 881 ||| READING scroll labelled GEORRA ORISTRUOLL.
   882 | D:1      | 882 ||| READING scroll labelled GAHUYG FOOKLA.
   883 | D:1      | 883 ||| READING scroll labelled SETUCW PIAXKIROPP.
   884 | D:1      | 884 ||| DRINKING 2 puce potions.
   998 | D:2      | 998 ||| Stepping ~*~*~tactically~*~*~ (stealth).
  1204 | D:2      | Reached skill level 5 in Axes
  1379 | D:2      | Reached XP level 3. HP: 31/31 MP: 2/2
  1403 | D:2      | Found an ornate altar of the Wu Jian Council.
  1661 | D:2      | 1661 ||| UPGRADING to +0 ring mail.
  1671 | D:2      | 1671 ||| DROPPING +0 leather armour.
  1672 | D:2      | 1672 ||| UPGRADING to ring of positive energy.
  1673 | D:2      | 1673 ||| READING scroll labelled KITHEH SEIM.
  1716 | D:3      | 1716 ||| PLANNING SEWER
  1723 | D:3      | 1723 ||| Stepping ~*~*~tactically~*~*~ (stealth).
  1836 | D:3      | 1836 ||| Stepping ~*~*~tactically~*~*~ (stealth).
  1840 | D:3      | 1840 ||| Stepping ~*~*~tactically~*~*~ (stealth).
  1848 | D:3      | 1848 ||| Stepping ~*~*~tactically~*~*~ (stealth).
  1849 | D:3      | 1849 ||| Stepping ~*~*~tactically~*~*~ (stealth).
  1850 | D:3      | 1850 ||| Stepping ~*~*~tactically~*~*~ (stealth).
  1855 | D:3      | 1855 ||| Stepping ~*~*~tactically~*~*~ (stealth).
  1863 | D:3      | 1863 ||| Stepping ~*~*~tactically~*~*~ (stealth).
  1864 | D:3      | 1864 ||| FLEEEEING.
  1865 | D:3      | 1865 ||| FLEEEEING.
  1866 | D:3      | 1866 ||| FLEEEEING.
  1867 | D:3      | 1867 ||| FLEEEEING.
  1868 | D:3      | 1868 ||| FLEEEEING.
  1869 | D:3      | 1869 ||| FLEEEEING.
  1870 | D:3      | 1870 ||| FLEEEEING.
  1871 | D:3      | 1871 ||| FLEEEEING.
  1872 | D:3      | 1872 ||| FLEEEEING.
  1873 | D:3      | 1873 ||| FLEEEEING.
  1874 | D:3      | 1874 ||| STAIRDANCE
  1920 | D:3      | Reached ** piety under Trog
  1921 | D:3      | 1921 ||| STAIRDANCE
  2025 | D:3      | Found a faded altar of an unknown god.
  2050 | D:3      | 2050 ||| Stepping ~*~*~tactically~*~*~ (stealth).
  2051 | D:3      | 2051 ||| Stepping ~*~*~tactically~*~*~ (stealth).
  2053 | D:3      | 2053 ||| Stepping ~*~*~tactically~*~*~ (stealth).
  2080 | D:3      | 2080 ||| Stepping ~*~*~tactically~*~*~ (stealth).
  2081 | D:3      | 2081 ||| Stepping ~*~*~tactically~*~*~ (stealth).
  2084 | D:3      | 2084 ||| Stepping ~*~*~tactically~*~*~ (stealth).
  2121 | D:3      | 2121 ||| Stepping ~*~*~tactically~*~*~ (stealth).
  2125 | D:3      | 2125 ||| Stepping ~*~*~tactically~*~*~ (stealth).
  2126 | D:3      | 2126 ||| Stepping ~*~*~tactically~*~*~ (stealth).
  2128 | D:3      | 2128 ||| Stepping ~*~*~tactically~*~*~ (stealth).
  2129 | D:3      | 2129 ||| Stepping ~*~*~tactically~*~*~ (stealth).
  2134 | D:3      | 2134 ||| Stepping ~*~*~tactically~*~*~ (stealth).
  2135 | D:3      | 2135 ||| Stepping ~*~*~tactically~*~*~ (stealth).
  2140 | D:3      | 2140 ||| Stepping ~*~*~tactically~*~*~ (hiding).
  2256 | D:3      | Found a glowing drain.
  2265 | D:3      | Reached XP level 4. HP: 36/39 MP: 3/3
  2266 | D:3      | Reached skill level 6 in Axes
  2287 | D:3      | 2287 ||| UPGRADING to +0 cloak.
  2292 | D:3      | 2292 ||| UPGRADING to amulet of reflection.
  2320 | Sewer    | Entered a sewer
  2353 | Sewer    | Noticed Pargi
  2367 | Sewer    | Killed Pargi
  2368 | Sewer    | Reached skill level 7 in Axes
  2368 | Sewer    | Reached XP level 5. HP: 31/45 MP: 4/4
  2516 | Sewer    | 2516 ||| DRINKING 2 viscous coppery potions.
  2517 | Sewer    | 2517 ||| READING 3 scrolls of identify.
  2517 | Sewer    | 2517 ||| IDENTIFYING bubbling purple potion
  2518 | Sewer    | 2518 ||| READING 2 scrolls of identify.
  2518 | Sewer    | 2518 ||| IDENTIFYING orange potion
  2535 | D:3      | 2535 ||| PLANNING D:1-11
  2999 | D:3      | 2999 ||| UPGRADING to +0 pair of boots.
  3004 | D:3      | 3004 ||| READING scroll labelled NYSYXZ WEROUDO.
  3005 | D:3      | 3005 ||| READING 2 scrolls labelled REKLOADUIKK.
  3010 | D:3      | 3010 ||| DRINKING 2 yellow potions.
  3011 | D:3      | 3011 ||| DROPPING potion of flight.
  3035 | D:4      | 3035 ||| PLANNING OSSUARY
  3152 | D:4      | 3152 ||| Stepping ~*~*~tactically~*~*~ (hiding).
  3155 | D:4      | 3155 ||| Stepping ~*~*~tactically~*~*~ (hiding).
  3156 | D:4      | 3156 ||| INVOKING Berserk.
  3178 | D:4      | Reached skill level 8 in Axes
  3178 | D:4      | Reached XP level 6. HP: 30/52 MP: 5/5
  3305 | D:4      | Found a sand-covered staircase.
  3306 | D:4      | 3306 ||| UPGRADING to +0 chain mail.
  3316 | D:4      | 3316 ||| DROPPING +0 ring mail.
  3317 | D:4      | 3317 ||| READING 2 scrolls of identify.
  3317 | D:4      | 3317 ||| IDENTIFYING white potion
  3318 | D:4      | 3318 ||| DROPPING potion of ambrosia.
  3326 | D:4      | 3326 ||| FLEEEEING.
  3327 | D:4      | 3327 ||| FLEEEEING.
  3328 | D:4      | 3328 ||| FLEEEEING.
  3329 | D:4      | 3329 ||| FLEEEEING.
  3330 | D:4      | 3330 ||| STAIRDANCE
  3336 | D:4      | 3336 ||| STAIRDANCE
  3346 | Ossuary  | Entered an ossuary
  3357 | Ossuary  | Reached *** piety under Trog
  3437 | Ossuary  | Reached skill level 3 in Armour
  3601 | D:4      | 3601 ||| PLANNING D:1-11
  3602 | D:4      | Found a sacrificial altar of Ru.
  3618 | D:4      | 3618 ||| DROPPING +0 whip.
  3662 | D:4      | 3662 ||| Stepping ~*~*~tactically~*~*~ (stealth).
  3790 | D:4      | Reached XP level 7. HP: 58/59 MP: 6/6
  3875 | D:4      | Reached skill level 9 in Axes
  4042 | D:4      | 4042 ||| INVOKING Berserk.
  4154 | D:4      | 4154 ||| INVOKING Berserk.
  4525 | D:4      | Found a broken altar of Ashenzari.
  4525 | D:4      | Found an opulent altar of Gozag.
  4808 | D:4      | 4808 ||| READING scroll labelled COPPOV HANI.
  4809 | D:4      | 4809 ||| READING scroll labelled XEMIDEB BAOLOIG.
  4810 | D:4      | 4810 ||| DRINKING 3 sedimented inky potions.
  4811 | D:4      | 4811 ||| READING 2 scrolls of identify.
  4811 | D:4      | 4811 ||| IDENTIFYING grey potion
  4812 | D:4      | 4812 ||| DROPPING potion of attraction.
  4813 | D:4      | 4813 ||| READING scroll of teleportation.
  4839 | D:5      | Entered Level 5 of the Dungeon
  4895 | D:5      | Reached **** piety under Trog
  4926 | D:5      | 4926 ||| INVOKING Berserk.
  4937 | D:5      | HP: 15/61 [gnoll/+0 spear[a gnoll bouda] (1)]
  4938 | D:5      | 4938 ||| DRINKING 2 potions of heal wounds.
  5083 | D:5      | 5083 ||| INVOKING Berserk.
  5086 | D:5      | Reached skill level 10 in Axes
  5194 | D:5      | 5194 ||| DROPPING +0 hammer of protection.
  5203 | D:5      | 5203 ||| DROPPING +1 hammer of protection.
  5207 | D:5      | Found a runed translucent door.
  5208 | D:5      | Noticed Crazy Yiuf
  5321 | D:5      | 5321 ||| Stepping ~*~*~tactically~*~*~ (hiding).
  5322 | D:5      | 5322 ||| Stepping ~*~*~tactically~*~*~ (hiding).
  5324 | D:5      | 5324 ||| Stepping ~*~*~tactically~*~*~ (hiding).
  5570 | D:5      | Reached XP level 8. HP: 68/68 MP: 7/7
  5638 | D:5      | Found a white marble altar of Elyvilon.
  5797 | D:6      | 5797 ||| INVOKING Berserk.
  5957 | D:6      | 5957 ||| Stepping ~*~*~tactically~*~*~ (cloud).
  5958 | D:6      | 5958 ||| Stepping ~*~*~tactically~*~*~ (cloud).
  5959 | D:6      | 5959 ||| FLEEEEING.
  5961 | D:6      | 5961 ||| FLEEEEING.
  5962 | D:6      | 5962 ||| FLEEEEING.
  5963 | D:6      | 5963 ||| FLEEEEING.
  5964 | D:6      | 5964 ||| FLEEEEING.
  5965 | D:6      | 5965 ||| FLEEEEING.
  5966 | D:6      | 5966 ||| FLEEEEING.
  5967 | D:6      | 5967 ||| FLEEEEING.
  5968 | D:6      | 5968 ||| FLEEEEING.
  5973 | D:6      | 5973 ||| FLEEEEING.
  5978 | D:6      | 5978 ||| FLEEEEING.
  5979 | D:6      | 5979 ||| FLEEEEING.
  5980 | D:6      | 5980 ||| FLEEEEING.
  5981 | D:6      | 5981 ||| FLEEEEING.
  5982 | D:6      | 5982 ||| FLEEEEING.
  5983 | D:6      | 5983 ||| FLEEEEING.
  5984 | D:6      | 5984 ||| STAIRDANCE
  6091 | D:6      | 6091 ||| INVOKING Berserk.
  6094 | D:6      | Reached skill level 6 in Fighting
  6213 | D:6      | 6213 ||| Stepping ~*~*~tactically~*~*~ (stealth).
  6214 | D:6      | 6214 ||| Stepping ~*~*~tactically~*~*~ (stealth).
  6221 | D:6      | 6221 ||| Stepping ~*~*~tactically~*~*~ (stealth).
  6222 | D:6      | 6222 ||| Stepping ~*~*~tactically~*~*~ (stealth).
  6334 | D:6      | Reached skill level 11 in Axes
  6716 | D:6      | 6716 ||| Stepping ~*~*~tactically~*~*~ (hiding).
  6721 | D:6      | 6721 ||| DRINKING 5 potions of curing.
  6721 | D:6      | 6721 ||| (to cure confusion)
  6724 | D:6      | 6724 ||| Stepping ~*~*~tactically~*~*~ (hiding).
  6727 | D:6      | 6727 ||| INVOKING Berserk.
  6804 | D:6      | 6804 ||| SWAPPING to +4 vampiric hand axe.
  6805 | D:6      | 6805 ||| DROPPING +1 hand axe.
  7058 | D:6      | 7058 ||| UPGRADING to +0 kite shield.
  7063 | D:6      | 7063 ||| DROPPING amulet of the acrobat.
  7064 | D:6      | 7064 ||| READING 2 scrolls of identify.
  7064 | D:6      | 7064 ||| IDENTIFYING silvery potion
  7116 | D:7      | Reached skill level 1 in Shields
  7118 | D:7      | 7118 ||| INVOKING Berserk.
  7122 | D:7      | Reached skill level 3 in Shields
  7241 | D:7      | 7241 ||| Stepping ~*~*~tactically~*~*~ (hiding).
  7244 | D:7      | 7244 ||| Stepping ~*~*~tactically~*~*~ (hiding).
  7266 | D:7      | 7266 ||| Stepping ~*~*~tactically~*~*~ (hiding).
  7267 | D:7      | 7267 ||| Stepping ~*~*~tactically~*~*~ (hiding).
  7269 | D:7      | 7269 ||| Stepping ~*~*~tactically~*~*~ (hiding).
  7283 | D:7      | Reached XP level 9. HP: 68/78 MP: 8/8
  7334 | D:7      | 7334 ||| DROPPING +0 flail.
  7360 | D:7      | Noticed Duvessa
  7362 | D:7      | 7362 ||| INVOKING Berserk.
  7367 | D:7      | Killed Duvessa
  7368 | D:7      | Reached skill level 6 in Shields
  7369 | D:7      | Noticed Dowan
  7376 | D:7      | Killed Dowan
  7606 | D:7      | Found a staircase to the Ecumenical Temple.
  7729 | D:7      | 7729 ||| Stepping ~*~*~tactically~*~*~ (hiding).
  7734 | D:7      | 7734 ||| Stepping ~*~*~tactically~*~*~ (hiding).
  7737 | D:7      | 7737 ||| INVOKING Berserk.
  7910 | D:7      | Noticed a troll
  7911 | D:7      | 7911 ||| INVOKING Berserk.
  7916 | D:7      | Killed a troll
  8070 | D:7      | 8070 ||| INVOKING Berserk.
  8082 | D:7      | Reached skill level 12 in Axes
  8455 | D:7      | 8455 ||| READING 2 scrolls of identify.
  8455 | D:7      | 8455 ||| IDENTIFYING green potion
  8456 | D:7      | 8456 ||| DROPPING potion of berserk rage.
  8511 | D:8      | Noticed Gastronok
  8512 | D:8      | 8512 ||| Stepping ~*~*~tactically~*~*~ (hiding).
  8520 | D:8      | 8520 ||| INVOKING Berserk.
  8531 | D:8      | Killed Gastronok
  8532 | D:8      | Reached skill level 9 in Fighting
  8532 | D:8      | Reached XP level 10. HP: 93/93 MP: 9/9
  8652 | D:8      | 8652 ||| Stepping ~*~*~tactically~*~*~ (hiding).
  8654 | D:8      | 8654 ||| Stepping ~*~*~tactically~*~*~ (hiding).
  8659 | D:8      | 8659 ||| INVOKING Berserk.
  8801 | D:8      | Found an iron altar of Okawaru.
  8805 | D:8      | 8805 ||| Stepping ~*~*~tactically~*~*~ (hiding).
  8933 | D:8      | 8933 ||| Stepping ~*~*~tactically~*~*~ (stealth).
  9053 | D:8      | Found a hazy altar of Hepliaklqana.
  9079 | D:8      | 9079 ||| Stepping ~*~*~tactically~*~*~ (hiding).
  9082 | D:8      | 9082 ||| Stepping ~*~*~tactically~*~*~ (hiding).
  9085 | D:8      | 9085 ||| Stepping ~*~*~tactically~*~*~ (hiding).
  9088 | D:8      | 9088 ||| INVOKING Berserk.
  9218 | D:8      | 9218 ||| INVOKING Berserk.
  9575 | D:8      | 9575 ||| Stepping ~*~*~tactically~*~*~ (hiding).
  9576 | D:8      | 9576 ||| INVOKING Berserk.
  9581 | D:8      | Reached skill level 9 in Shields
  9792 | D:8      | Found a radiant altar of Vehumet.
  9801 | D:8      | Found a basalt altar of Yredelemnul.
  9878 | D:8      | 9878 ||| UPGRADING to +0 plate armour.
  9888 | D:8      | 9888 ||| DROPPING +0 chain mail.
  9889 | D:8      | 9889 ||| READING scroll labelled NASTRI LUN GIMP.
  9890 | D:8      | 9890 ||| READING 2 scrolls of identify.
  9890 | D:8      | 9890 ||| IDENTIFYING fizzy ruby potion
  9891 | D:8      | 9891 ||| DROPPING potion of degeneration.
  9928 | D:9      | 9928 ||| INVOKING Berserk.
  9931 | D:9      | Reached skill level 6 in Armour
 10062 | D:9      | 10062 ||| Stepping ~*~*~tactically~*~*~ (stealth).
 10064 | D:9      | 10064 ||| Stepping ~*~*~tactically~*~*~ (stealth).
 10071 | D:9      | 10071 ||| Stepping ~*~*~tactically~*~*~ (stealth).
 10072 | D:9      | 10072 ||| Stepping ~*~*~tactically~*~*~ (stealth).
 10073 | D:9      | 10073 ||| Stepping ~*~*~tactically~*~*~ (stealth).
 10091 | D:9      | Reached skill level 13 in Axes
 10226 | D:9      | 10226 ||| Stepping ~*~*~tactically~*~*~ (hiding).
 10248 | D:9      | 10248 ||| Stepping ~*~*~tactically~*~*~ (hiding).
 10250 | D:9      | 10250 ||| INVOKING Berserk.
 10284 | D:9      | 10284 ||| Stepping ~*~*~tactically~*~*~ (stealth).
 10286 | D:9      | 10286 ||| Stepping ~*~*~tactically~*~*~ (stealth).
 10288 | D:9      | 10288 ||| Stepping ~*~*~tactically~*~*~ (stealth).
 10289 | D:9      | 10289 ||| Stepping ~*~*~tactically~*~*~ (stealth).
 10293 | D:9      | 10293 ||| Stepping ~*~*~tactically~*~*~ (stealth).
 10296 | D:9      | 10296 ||| FLEEEEING.
 10297 | D:9      | 10297 ||| FLEEEEING.
 10298 | D:9      | 10298 ||| FLEEEEING.
 10303 | D:9      | 10303 ||| FLEEEEING.
 10315 | D:9      | 10315 ||| Stepping ~*~*~tactically~*~*~ (stealth).
 10321 | D:9      | Found a staircase to the Orcish Mines.
 10401 | D:9      | 10401 ||| Stepping ~*~*~tactically~*~*~ (stealth).
 10405 | D:9      | 10405 ||| Stepping ~*~*~tactically~*~*~ (hiding).
 10411 | D:9      | 10411 ||| INVOKING Berserk.
 10538 | D:9      | 10538 ||| SWAPPING to +0 broad axe.
 10539 | D:9      | 10539 ||| DROPPING +4 vampiric hand axe.
 10704 | D:9      | 10704 ||| INVOKING Berserk.
 10818 | D:9      | 10818 ||| INVOKING Berserk.
 10820 | D:9      | Reached skill level 14 in Axes
 10890 | D:9      | Found a shadowy altar of Dithmenos.
 10926 | D:9      | 10926 ||| Stepping ~*~*~tactically~*~*~ (stealth).
 10929 | D:9      | 10929 ||| Stepping ~*~*~tactically~*~*~ (stealth).
 10931 | D:9      | 10931 ||| Stepping ~*~*~tactically~*~*~ (stealth).
 10932 | D:9      | 10932 ||| Stepping ~*~*~tactically~*~*~ (stealth).
 10933 | D:9      | 10933 ||| Stepping ~*~*~tactically~*~*~ (stealth).
 10938 | D:9      | 10938 ||| INVOKING Berserk.
 10942 | D:9      | Reached ***** piety under Trog
 11079 | D:9      | Found a staircase to the Lair.
 11199 | D:9      | Reached XP level 11. HP: 99/99 MP: 10/10
 11456 | D:9      | 11456 ||| Stepping ~*~*~tactically~*~*~ (stealth).
 11458 | D:9      | 11458 ||| Stepping ~*~*~tactically~*~*~ (hiding).
 11469 | D:9      | 11469 ||| Stepping ~*~*~tactically~*~*~ (stealth).
 11471 | D:9      | 11471 ||| Stepping ~*~*~tactically~*~*~ (stealth).
 11736 | D:9      | 11736 ||| PLANNING LAIR
 11736 | D:9      | 11736 ||| READING 3 scrolls labelled SONUPHAENK.
 11737 | D:9      | 11737 ||| READING 2 scrolls of enchant armour.
 11737 | D:9      | 11737 ||| ENCHANTING +0 pair of boots.
 11738 | D:9      | 11738 ||| READING scroll of enchant armour.
 11738 | D:9      | 11738 ||| ENCHANTING +1 pair of boots.
 11739 | D:9      | 11739 ||| READING scroll labelled DYLAV YNUS.
 11767 | Lair:1   | Entered Level 1 of the Lair of Beasts
 11842 | Lair:1   | 11842 ||| Stepping ~*~*~tactically~*~*~ (hiding).
 11843 | Lair:1   | 11843 ||| Stepping ~*~*~tactically~*~*~ (hiding).
 11886 | Lair:1   | 11886 ||| Stepping ~*~*~tactically~*~*~ (stealth).
 12179 | Lair:1   | Noticed a six-headed hydra
 12180 | Lair:1   | 12180 ||| INVOKING Brothers in Arms.
 12181 | Lair:1   | 12181 ||| SWAPPING to +0 morningstar.
 12182 | Lair:1   | 12182 ||| INVOKING Berserk.
 12187 | Lair:1   | Killed a six-headed hydra
 12269 | Lair:1   | 12269 ||| SWAPPING to +0 broad axe.
 12302 | Lair:1   | Noticed a catoblepas
 12303 | Lair:1   | 12303 ||| Stepping ~*~*~tactically~*~*~ (cloud).
 12305 | Lair:1   | 12305 ||| INVOKING Brothers in Arms.
 12306 | Lair:1   | 12306 ||| INVOKING Berserk.
 12308 | Lair:1   | Killed a catoblepas
 12450 | Lair:1   | 12450 ||| INVOKING Berserk.
 12456 | Lair:1   | Reached skill level 15 in Axes
 12578 | Lair:1   | 12578 ||| Stepping ~*~*~tactically~*~*~ (stealth).
 12581 | Lair:1   | 12581 ||| Stepping ~*~*~tactically~*~*~ (stealth).
 12582 | Lair:1   | 12582 ||| Stepping ~*~*~tactically~*~*~ (stealth).
 12624 | Lair:1   | 12624 ||| Stepping ~*~*~tactically~*~*~ (stealth).
 12666 | Lair:1   | 12666 ||| Stepping ~*~*~tactically~*~*~ (stealth).
 12667 | Lair:1   | 12667 ||| Stepping ~*~*~tactically~*~*~ (stealth).
 12756 | Lair:1   | 12756 ||| INVOKING Berserk.
 12760 | Lair:1   | Reached skill level 3 in Dodging
 12955 | Lair:1   | 12955 ||| Stepping ~*~*~tactically~*~*~ (stealth).
 12956 | Lair:1   | 12956 ||| Stepping ~*~*~tactically~*~*~ (stealth).
 12959 | Lair:1   | 12959 ||| Stepping ~*~*~tactically~*~*~ (stealth).
 12960 | Lair:1   | 12960 ||| Stepping ~*~*~tactically~*~*~ (stealth).
 13251 | Lair:1   | 13251 ||| READING 3 scrolls of identify.
 13251 | Lair:1   | 13251 ||| IDENTIFYING fuming emerald potion
 13252 | Lair:1   | 13252 ||| DROPPING potion of lignification.
 13293 | Lair:2   | 13293 ||| INVOKING Berserk.
 13427 | Lair:2   | 13427 ||| FLEEEEING.
 13428 | Lair:2   | 13428 ||| FLEEEEING.
 13429 | Lair:2   | 13429 ||| FLEEEEING.
 13430 | Lair:2   | 13430 ||| FLEEEEING.
 13431 | Lair:2   | 13431 ||| FLEEEEING.
 13432 | Lair:2   | 13432 ||| FLEEEEING.
 13433 | Lair:2   | 13433 ||| FLEEEEING.
 13674 | Lair:2   | Reached skill level 16 in Axes
 13814 | Lair:2   | 13814 ||| INVOKING Berserk.
 14001 | Lair:2   | 14001 ||| INVOKING Berserk.
 14137 | Lair:2   | 14137 ||| Stepping ~*~*~tactically~*~*~ (stealth).
 14154 | Lair:2   | 14154 ||| INVOKING Berserk.
 14199 | Lair:2   | 14199 ||| FLEEEEING.
 14244 | Lair:2   | 14244 ||| Stepping ~*~*~tactically~*~*~ (stealth).
 14257 | Lair:2   | 14257 ||| INVOKING Berserk.
 14501 | Lair:2   | Reached XP level 12. HP: 106/106 MP: 11/11
 14509 | Lair:2   | Noticed a seven-headed hydra
 14510 | Lair:2   | 14510 ||| INVOKING Brothers in Arms.
 14512 | Lair:2   | 14512 ||| SWAPPING to +0 morningstar.
 14513 | Lair:2   | 14513 ||| INVOKING Berserk.
 14514 | Lair:2   | Killed a seven-headed hydra
 14515 | Lair:2   | Reached skill level 17 in Axes
 14519 | Lair:2   | 14519 ||| SWAPPING to +0 broad axe.
 14838 | Lair:2   | 14838 ||| FLEEEEING.
 14839 | Lair:2   | 14839 ||| FLEEEEING.
 15067 | Lair:2   | Found a glowing golden altar of the Shining One.
 15078 | Lair:2   | 15078 ||| INVOKING Berserk.
 15374 | Lair:3   | 15374 ||| STAIRDANCE
 15380 | Lair:3   | 15380 ||| STAIRDANCE
 15389 | Lair:3   | 15389 ||| STAIRDANCE
 15399 | Lair:3   | 15399 ||| STAIRDANCE
 15406 | Lair:2   | Reached skill level 9 in Armour
 15479 | Lair:3   | 15479 ||| STAIRDANCE
 15548 | Lair:3   | 15548 ||| Stepping ~*~*~tactically~*~*~ (stealth).
 15549 | Lair:3   | 15549 ||| Stepping ~*~*~tactically~*~*~ (stealth).
 15550 | Lair:3   | 15550 ||| Stepping ~*~*~tactically~*~*~ (stealth).
 15551 | Lair:3   | 15551 ||| Stepping ~*~*~tactically~*~*~ (stealth).
 15565 | Lair:3   | 15565 ||| Stepping ~*~*~tactically~*~*~ (hiding).
 15565 | Lair:3   | Found a hole to the Spider Nest.
 15567 | Lair:3   | 15567 ||| Stepping ~*~*~tactically~*~*~ (stealth).
 15568 | Lair:3   | 15568 ||| Stepping ~*~*~tactically~*~*~ (stealth).
 15580 | Lair:3   | 15580 ||| Stepping ~*~*~tactically~*~*~ (stealth).
 15650 | Lair:3   | 15650 ||| Stepping ~*~*~tactically~*~*~ (stealth).
 15658 | Lair:3   | 15658 ||| INVOKING Berserk.
 15675 | Lair:3   | 15675 ||| Stepping ~*~*~tactically~*~*~ (stealth).
 15789 | Lair:3   | Reached skill level 18 in Axes
 15801 | Lair:3   | 15801 ||| Stepping ~*~*~tactically~*~*~ (stealth).
 15890 | Lair:3   | 15890 ||| INVOKING Berserk.
 16383 | Lair:3   | Noticed a seven-headed hydra
 16384 | Lair:3   | 16384 ||| INVOKING Brothers in Arms.
 16385 | Lair:3   | 16385 ||| INVOKING Brothers in Arms.
 16386 | Lair:3   | 16386 ||| INVOKING Brothers in Arms.
 16387 | Lair:3   | 16387 ||| INVOKING Brothers in Arms.
 16388 | Lair:3   | 16388 ||| INVOKING Brothers in Arms.
 16388 | Lair:3   | HP: 22/106 [swamp worm (14)]
 16388 | Lair:3   | Mangled by a swamp worm

Levels and vault maps discovered:
D:1:      minmay_arrival_radiant_lines, layout_loops_ring, kennysheep_boxes
D:2:      layout_loops_cross, basic_altar, minmay_stone_trees_small
D:3:      layout_basic, shapermc_ecumenical_altar_mp_highgroup,
          portal_sewer_entry_f, minmay_misc_feat_nine_boxes,
          minmay_fractal_squares_diagonal_5
D:4:      layout_basic, nicolae_overflow_two_pavilions,
          mainiacjoe_overflow_paths, enter_ossuary_3, minmay_mini_jars
D:5:      layout_cave_pools, general_overflow_altar, uniq_crazy_yiuf_cottage
D:6:      layout_basic, small_statue_intersection, hangedman_decor_lopped
D:7:      layout_basic, minmay_temple_entry_poolview, uniq_duvessa
D:8:      layout_gridville, nzn_hepliaklqana_mist_gate, okawaru_gym_becter,
          minitemple, kennysheep_diamond, nicolae_water_bricks, uniq_gastronok
D:9:      layout_grid_maze, grunt_dithmenos_smoke, erik_lair_island,
          hiddenorc2_lemuel
Lair:1:   layout_regular_city, kennysheep_rathole, infiniplex_staircase_pool,
          lemuel_fruit_fields
Lair:2:   layout_regular_city, basic_altar, serial_bayou_pond_a,
          serial_bayou_shore_a, grunt_megastairs_1
Lair:3:   layout_chaotic_city, palyth_hydra_swamp_entry,
          nicolae_spider_entry_non_spiders, beast_lair_carwin_6,
          grunt_megastairs_2

Skill      XL: |  1  2  3  4  5  6  7  8  9 10 11 12 |
---------------+-------------------------------------+-----
Axes           | 4 5 7 8 10 11 12 14 16 18 | 18.0
Fighting       | 4 5 6 9 10 | 10.2
Armour         | 3 4 7 8 9 |  9.0
Throwing       | 2 |  2.2
Shields        | 5 8 9 10 11 | 11.2
Dodging        | 3 |  3.3

Action                   |  1- 3 |  4- 6 |  7- 9 | 10-12 || total
-------------------------+-------+-------+-------+-------++-------
Melee: Hand axe          |   112 |   157 |   246 |   166 ||   681
       Headbutt          |     8 |    21 |    53 |   110 ||   192
       Punch             |       |     2 |     1 |       ||     3
       Unarmed           |       |       |     8 |       ||     8
       Broad axe         |       |       |       |   361 ||   361
       Morningstar       |       |       |       |     5 ||     5
Throw: Boomerang         |    17 |    26 |     2 |   135 ||   180
Invok: Berserk           |       |     1 |    13 |    23 ||    37
       Brothers in Arms  |       |       |       |     3 ||     3
  Use: Scroll            |     4 |     5 |     6 |     7 ||    22
       Potion            |     1 |     2 |     3 |       ||     6
Armor: Animal skin       |     3 |       |       |       ||     3
       Leather armour    |    10 |       |       |       ||    10
       Ring mail         |    13 |    27 |       |       ||    40
       Chain mail        |       |    34 |    75 |    16 ||   125
       Plate armour      |       |       |       |   145 ||   145
Dodge: Dodged            |    60 |    53 |    70 |   100 ||   283
Block: Other             |       |    15 |    22 |       ||    37
       Kite shield       |       |       |    67 |   349 ||   416
       Reflection        |       |       |     2 |     3 ||     5

Table legend:
 A = Non-vault XP
 B = Vault XP
 C = Vault XP percentage of total XP
 D = Non-vault monster count
 E = Vault monster count
 F = Vault count percentage of total count
                 A         B        C        D         E       F
            +---------+---------+-------+---------+---------+-------
      Total |   22039 |    8011 |  26.7 |     266 |     123 |  31.6
            +---------+---------+-------+---------+---------+-------
        D:1 |      23 |       0 |   0.0 |      15 |       0 |   0.0
        D:2 |      21 |       0 |   0.0 |      12 |       0 |   0.0
        D:3 |      42 |      35 |  45.5 |      15 |      14 |  48.3
        D:4 |     409 |     180 |  30.6 |      32 |      12 |  27.3
        D:5 |     423 |       0 |   0.0 |      22 |       0 |   0.0
        D:6 |     799 |       0 |   0.0 |      18 |       0 |   0.0
        D:7 |    1722 |     207 |  10.7 |      29 |       2 |   6.5
        D:8 |    1181 |    1895 |  61.6 |      30 |       3 |   9.1
        D:9 |    2927 |    1226 |  29.5 |      37 |      39 |  51.3
     Lair:1 |    3568 |     200 |   5.3 |      10 |      13 |  56.5
     Lair:2 |    9994 |     565 |   5.4 |      41 |       2 |   4.7
     Lair:3 |     930 |    3386 |  78.5 |       5 |      18 |  78.3
      Sewer |       0 |     131 | 100.0 |       0 |       4 | 100.0
    Ossuary |       0 |     186 | 100.0 |       0 |      16 | 100.0
            +---------+---------+-------+---------+---------+-------
